 Dungeon Crawl Stone Soup version 0.29.1-15-g9cfb28693d (webtiles) character file.

Game seed: 8656722541359921989

475 Fedor the Covert (level 6, -1/31 HPs)
             Began as a Spriggan Brigand on Feb 24, 2023.
             Killed from afar by an electric eel (13 damage)
             ... with a bolt of electricity
             ... on level 3 of the Dungeon.
             The game lasted 00:19:59 (3848 turns).

Fedor the Covert (Spriggan Brigand)                 Turns: 3848, Time: 00:20:00

Health: -1/31      AC:  4    Str:  7    XL:     6   Next: 84%
Magic:  7/7        EV: 17    Int: 18    God:
Gold:   168        SH:  0    Dex: 19    Spells: 5/5 levels left

rFire   + . .      SeeInvis +   a - +2 dagger (spect)
rCold   x . .      Faith    .   (no shield)
rNeg    . . .      Spirit   .   b - +1 robe
rPois   .          Reflect  .   (helmet restricted)
rElec   .          Harm     .   c - +0 cloak
rCorr   .          Rampage  .   (gloves unavailable)
Will    +....                   (boots unavailable)
Stlth   ++++......              (no amulet)
HPRegen 0.10/turn               h - ring of fire
MPRegen 0.10/turn               x - +6 ring of intelligence

@: hasted, very quick
A: very small, no large weapons, unfitting armour, see invisible, speed 3
a: no special abilities


You were on level 3 of the Dungeon.
You visited 1 branch of the dungeon, and saw 3 of its levels.

You collected 168 gold pieces.

Inventory:

Hand Weapons
 a - a +2 spectral dagger (weapon)
 y - a +0 rapier
Missiles
 d - 6 poisoned darts (quivered)
 e - 3 curare-tipped darts
Armour
 b - a +1 robe (worn)
 c - a +0 cloak (worn)
Jewellery
 h - a ring of fire (left hand)
 x - a +6 ring of intelligence (right hand)
Wands
 l - a wand of flame (6)
 r - a wand of roots (8)
Scrolls
 g - a scroll of immolation {unknown}
 o - a scroll of fear {unknown}
 p - 2 scrolls of poison
 q - a scroll of noise {unknown}
 t - 2 scrolls of teleportation {unknown}
 v - a scroll of fog
Potions
 f - a potion of ambrosia {unknown}
 i - a potion of might {unknown}
 j - 3 potions of curing
 k - a potion of heal wounds {unknown}
 m - 2 potions of flight
 n - a potion of haste
 s - a potion of attraction {unknown}
 u - a potion of lignification {unknown}
 w - a potion of cancellation {unknown}


   Skills:
 + Level 2.3 Fighting
 + Level 4.3 Short Blades
 + Level 3.8 Throwing
 + Level 2.2 Dodging
 + Level 9.2 Stealth


You had 5 spell levels left.
You didn't know any spells.
Your spell library contained the following spells:

 Spells                   Type           Power      Damage    Failure   Level
 Foxfire                  Conj/Fire      0%         2x1d4     22%         1
 Conjure Flame            Conj/Fire      0%         6-21      54%         3
 Inner Flame              Hex/Fire       0%         N/A       54%         3
 Stone Arrow              Conj/Erth      0%         3d7       54%         3
 Animate Armour           Summ/Erth      0%         N/A       91%         4
 Flame Wave               Conj/Fire      0%         2d4       91%         4
 Conjure Ball Lightning   Conj/Air       0%         3x3d6     100%        6
 Discord                  Hex            0%         N/A       100%        8
 Disjunction              Tloc           0%         N/A       100%        8
 Lehudib's Crystal Spear  Conj/Erth      0%         10d2      100%        8


Dungeon Overview and Level Annotations

Branches:
Dungeon (3/15)

Altars:
The Shining One

Annotations:
D:3 1 transporter


Innate Abilities, Weirdness & Mutations

You are very small and have problems with some larger weapons.
You are too small for most types of armour.
You have supernaturally acute eyesight. (SInv)
You cover ground extremely quickly. (Speed+++)


Message History

You see here a +0 trident.
An adder comes into view.
The helpless adder fails to defend itself.
You stick the adder like a pincushion!!!
You kill the adder!
Found a transporter.
A quokka comes into view.
Found a wand of flame (6) and a sling.
There is a transporter here.
Unknown command.
Okay, then.
You enter the transporter and appear at another place.
l - a wand of flame (6)
There are no items here.
You feel yourself speed up.
You open the door.
Found a spear.
There is an open door here.
The electric eel shoots out a bolt of lightning at you!
The bolt of electricity hits you!
The electric eel shoots out a bolt of lightning at you!
The bolt of electricity misses you.
Found 10 gold pieces.
Found a transporter.
The electric eel shoots out a bolt of lightning at you!
The bolt of electricity misses you.
The bolt of electricity hits the electric eel.
The electric eel completely resists.
The bolt of electricity hits the electric eel.
The electric eel completely resists.
The electric eel shoots out a bolt of lightning at you!
The bolt of electricity misses you.
You open the door.
The electric eel shoots out a bolt of lightning at you!
The bolt of electricity hits you!
There is an open door here.
You see here 10 gold pieces.
You now have 168 gold pieces (gained 10).
The electric eel shoots out a bolt of lightning at you!
The bolt of electricity hits you!
You die...

......########.# #.# ####### #.#
#.# ##### #.# #)#
....##########.###### #.#
###.................# #.#
#.###############.# #.#
##.#8P#~~~~SS~#P8#.## #.#######
##).#..#.......#..#..####....#...
#..©#©.'...♣...'@©#©....#.##...##
....#..#......)#..#..##.#....###.
....#8P#~~~~~~S#P8#.###....###...
#...###############.# #[#.##....#
#...................# #.#.#....##
............######### #...#...##.
#.....#####.# #.#.'...#.. #.....#
#.# #.#.'...#.. #######
#.#.'...##.


You could see 3 electric eels.

Vanquished Creatures
  Sigmund (D:2)
  The ghost of diceflayer the Shooter, a weakling DsHu (D:3)
  Jessica (D:2)
  Natasha (thrice) (D:2)
  Robin (D:2)
  5 adders
  A hound simulacrum (D:3)
  A worm (D:2)
  2 dart slugs (D:2)
  3 adder simulacra (D:3)
  An orc (D:3)
  2 ball pythons (D:1)
  4 bats
  11 endoplasms
  4 giant cockroaches
  16 goblins
  13 hobgoblins
  4 jackals
  A quokka (D:2)
  A frilled lizard (D:1)
  11 kobolds
  A quokka simulacrum (D:3)
  7 rats
95 creatures vanquished.

Vanquished Creatures (others)
  3 plants (D:1)
  2 withered plants (D:3)
5 creatures vanquished.

Grand Total: 100 creatures vanquished

Notes
Turn   | Place    | Note
-------+----------+-------------------------------------------
     0 | D:1      | Fedor the Spriggan Brigand began the quest for the Orb.
     0 | D:1      | Reached XP level 1. HP: 10/10 MP: 2/2
    17 | D:1      | Reached skill level 6 in Stealth
   399 | D:1      | Reached XP level 2. HP: 15/15 MP: 3/3
  1003 | D:1      | Reached XP level 3. HP: 12/18 MP: 4/4
  1523 | D:2      | Reached skill level 7 in Stealth
  1608 | D:2      | Noticed Jessica
  1617 | D:2      | Killed Jessica
  1618 | D:2      | Reached XP level 4. HP: 17/23 MP: 5/5
  1714 | D:2      | Found a glowing golden altar of the Shining One.
  2186 | D:2      | Noticed Natasha
  2192 | D:2      | Killed Natasha
  2193 | D:2      | Reached XP level 5. HP: 26/26 MP: 6/6
  2199 | D:2      | Noticed Robin
  2259 | D:2      | Killed Robin
  2260 | D:2      | Reached skill level 8 in Stealth
  2392 | D:2      | Noticed Natasha
  2401 | D:2      | Killed Natasha
  2578 | D:2      | Noticed Natasha
  2583 | D:2      | Killed Natasha
  2603 | D:2      | Noticed Sigmund
  2613 | D:2      | Killed Sigmund
  2614 | D:2      | Reached XP level 6. HP: 28/30 MP: 7/7
  3107 | D:3      | Found a runed translucent gate.
  3107 | D:3      | Found a runed translucent gate.
  3108 | D:3      | Found a runed translucent gate.
  3129 | D:3      | Reached skill level 9 in Stealth
  3140 | D:3      | Noticed diceflayer's ghost (weakling DsHu)
  3154 | D:3      | Killed diceflayer's ghost
  3519 | D:3      | Found a faded altar of an unknown god.
  3824 | D:3      | Found a transporter.
  3841 | D:3      | Found a transporter.
  3848 | D:3      | Killed from afar by an electric eel

Illustrated notes

Levels and vault maps discovered:
D:1:      minmay_arrival_four_circles, layout_loops_ring,
          lexackson_kobold_supper
D:2:      minmay_razor_zed, layout_basic, basic_altar, uniq_natasha, uniq_robin,
          uniq_sigmund, uniq_jessica
D:3:      gammafunk_steamed_eel, layout_loops_ring,
          ebering_ecumenical_altar_petrified, gammafunk_ghost_icy, st_stairs_12,
          chequers_serial_rivers_room_b

Skill      XL: |  1  2  3  4  5  6 |
---------------+-------------------+-----
Stealth        | 6 7 8 9 |  9.2
Throwing       | 3 |  3.8
Short Blades   | 3 4 |  4.3
Fighting       | 2 |  2.3
Dodging        | 2 |  2.2

Action                   |  1- 3 |  4- 6 || total
-------------------------+-------+-------++-------
Melee: Dagger            |    62 |    95 ||   157
       Punch             |       |     1 ||     1
Throw: Dart              |    33 |    24 ||    57
  Use: Scroll            |     3 |     7 ||    10
       Potion            |       |     2 ||     2
 Stab: Sleeping          |     8 |    13 ||    21
       Distracted        |       |     1 ||     1
Armor: Robe              |    11 |     7 ||    18
Dodge: Dodged            |    32 |    31 ||    63
